Workbook
Name Print_Area: 'Presupuesto Total'!$C$5:$J$48

Sheet Instrucciones
C5: Utilizar la plantilla
C6: Para usar esta plantilla primero debes crear una copia en tu computadora.
C8: Sigue estos pasos:
C10: 1.- | D10: En la plantilla haz click en la pestaña Archivo y luego en la opción "Hacer una copia".
C12: 2.- | D12: Elige el nombre que deseas para el archivo así como el lugar donde estará la plantilla
C14: 3.- | D14: ¡Empieza a usarla!
C17: Editar la plantilla
C19: 1.- | D19: Completa la solapa "Detalle de Presupuesto" con cada tarea que se va a realizar, la cantidad y el precio unitario.
C21: 2.- | D21: En la solapa "Presupuesto Total" colocar los datos del cliente y la firma. La planilla genera automáticamente el presupuesto total más impuestos.

Sheet Detalle de Presupuesto
C6: ITEMS | D6: DENOMINACION | E6: UN | F6: CANT | G6: PRECIO UNITARIO | H6: PRECIO TOTAL
C7: 1 | D7: Tareas Previas | H7: =SUM(H8:H15) -> 8
C8: 1.1 | D8: Obrador - Baños Químicos | E8: gl | F8: 1 | G8: 1 | H8: =F8*G8 -> 1
C9: 1.2 | D9: Serv. Seg. Higiene | E9: gl | F9: 1 | G9: 1 | H9: =F9*G9 -> 1
C10: 1.3 | D10: Represent. Técnico | E10: gl | F10: 1 | G10: 1 | H10: =F10*G10 -> 1
C11: 1.4 | D11: Cerramiento de aislación del sector (estructura tubular + film pe. 200mc.)30,00X4,50 | E11: m2 | F11: 1 | G11: 1 | H11: =F11*G11 -> 1
C12: 1.5 | D12: Desamure de carpinterias | E12: gl | F12: 1 | G12: 1 | H12: =F12*G12 -> 1
C13: 1.6 | D13: Desconexión y deasrme inst. sanit. / eléctrica | E13: gl | F13: 1 | G13: 1 | H13: =F13*G13 -> 1
C14: 1.7 | D14: Desarme de cielorrasos susp. De placas desmontables Durlock | E14: m2 | F14: 1 | G14: 1 | H14: =F14*G14 -> 1
C15: 1.8 | D15: Aserrado y demolición piso de hº. | E15: m2 | F15: 1 | G15: 1 | H15: =F15*G15 -> 1
C16: 2 | D16: Demoliciones | H16: =SUM(H17:H21) -> 5
C17: 2.1 | D17: Aserrado y demolición piso de hº. Desag. Sala CIP | E17: m2 | F17: 1 | G17: 1 | H17: =F17*G17 -> 1
C18: 2.2 | D18: Aserrado y demolic. Piso sobrepuesto sector Presala esp. 0,20 | E18: m2 | F18: 1 | G18: 1 | H18: =F18*G18 -> 1
C19: 2.3 | D19: Aserrado y nivelación piso Sala de Jugos y canaleta desag. Esp. 0,10 | E19: m2 | F19: 1 | G19: 1 | H19: =F19*G19 -> 1
C20: 2.4 | D20: Escarificado piso esxistente para contr. Piso de nivelac. Pendientes | E20: m2 | F20: 1 | G20: 1 | H20: =F20*G20 -> 1
C21: 2.5 | D21: Demolición de mampostería de bloques | E21: m2 | F21: 1 | G21: 1 | H21: =F21*G21 -> 1
C22: 3 | D22: Desagüe Industrial | H22: =SUM(H23:H27) -> 5
C23: 3.1 | D23: Cañería pvc. D:0,064 | E23: ml | F23: 1 | G23: 1 | H23: =F23*G23 -> 1
C24: 3.2 | D24: Pileta de Piso PVC 100X100x3, 2 sifónica c/tapa de bronce | E24: nº | F24: 1 | G24: 1 | H24: =F24*G24 -> 1
C25: 3.3 | D25: Canal de desagüe 0,30x2,10 con c/marco y reja ac.inox. | E25: ml | F25: 1 | G25: 1 | H25: =F25*G25 -> 1
C26: 3.4 | D26: Conexión y empalme a cámara existente. | E26: nº | F26: 1 | G26: 1 | H26: =F26*G26 -> 1
C27: 3.5 | D27: Reconstrucción piso de hormigón esp. 0,20 | E27: m2 | F27: 1 | G27: 1 | H27: =F27*G27 -> 1
C28: 4 | D28: Estructura de Hormigón - Piso de Hormigón | H28: =SUM(H29:H31) -> 3
C29: 4.1 | D29: Viga encadenado sobre mampostería de bloques de hormigón 0,20x0,20 | E29: ml | F29: 1 | G29: 1 | H29: =F29*G29 -> 1
C30: 4.2 | D30: Piso de hº. ESP.0,20 | E30: m2 | F30: 1 | G30: 1 | H30: =F30*G30 -> 1
C31: 3.2 | D31: Zócalo sanitario | E31: ml | F31: 1 | G31: 1 | H31: =F31*G31 -> 1
C32: 5 | D32: Piso Poliretanico | H32: =SUM(H33:H44) -> 12
C33: 5.1 | D33: Lijado preparación de subbase nivelación / pisos nuevos | E33: m2 | F33: 1 | G33: 1 | H33: =F33*G33 -> 1
C34: 5.2 | D34: Mortero de nivelación | E34: m2 | F34: 1 | G34: 1 | H34: =F34*G34 -> 1
C35: 5.3 | D35: Enduido poliuretánico | E35: m2 | F35: 1 | G35: 1 | H35: =F35*G35 -> 1
C36: 5.4 | D36: Laca antirayado | E36: m2 | F36: 1 | G36: 1 | H36: =F36*G36 -> 1
C37: 5.5 | D37: Aserrado de juntas | E37: ml | F37: 1 | G37: 1 | H37: =F37*G37 -> 1
C38: 5.6 | D38: Sellado de juntas | E38: ml | F38: 1 | G38: 1 | H38: =F38*G38 -> 1
C39: 5.7 | D39: Construcción zócalo sanitario. | E39: ml | F39: 1 | G39: 1 | H39: =F39*G39 -> 1
C40: 5.8 | D40: Lijado piso existente para repintado | E40: m2 | F40: 1 | G40: 1 | H40: =F40*G40 -> 1
C41: 5.9 | D41: Aplicación grout | E41: m2 | F41: 1 | G41: 1 | H41: =F41*G41 -> 1
C42: 5.1 | D42: Aplicación Laca | E42: m2 | F42: 1 | G42: 1 | H42: =F42*G42 -> 1
C43: 5.11 | D43: Limpieza y sellado de juntas | E43: ml | F43: 1 | G43: 1 | H43: =F43*G43 -> 1
C44: 5.12 | D44: Repintado de zócalos | E44: ml | F44: 1 | G44: 1 | H44: =F44*G44 -> 1
C45: 6 | D45: Mampostería piso de hormigón | H45: =SUM(H46:H47) -> 2
C46: 6.1 | D46: Mampostería bloques de hormigón 12x19x39 lisos estándar (19x19x39) | E46: m2 | F46: 1 | G46: 1 | H46: =F46*G46 -> 1
C47: 6.2 | D47: Columnas de refuerzo con bloques 0,20x0,20x4,00 (19x19x39) | E47: ml | F47: 1 | G47: 1 | H47: =F47*G47 -> 1
C48: 7 | D48: Revoques | H48: =SUM(H49:H51) -> 3
C49: 7.1 | D49: Azotado de concreto c/hidrófugo | E49: m2 | F49: 1 | G49: 1 | H49: =F49*G49 -> 1
C50: 7.2 | D50: Revoque grueso bajo revestimiento | E50: m2 | F50: 1 | G50: 1 | H50: =F50*G50 -> 1
C51: 7.3 | D51: Malla de Fibra de vidrio | E51: m2 | F51: 1 | G51: 1 | H51: =F51*G51 -> 1
C52: 8 | D52: Revestimientos | H52: =SUM(H53:H56) -> 4
C53: 8.1 | D53: Revestimiento azulejos blancos | E53: m2 | F53: 1 | G53: 1 | H53: =F53*G53 -> 1
C54: 8.2 | D54: Revest. Placa Durlock estandar 12,5mm s/estruct. Metalica | E54: m2 | F54: 1 | G54: 1 | H54: =F54*G54 -> 1
C55: 8.3 | D55: Guardacantos sanitaris esquinero de aº.inz. de terminación | E55: ml. | F55: 1 | G55: 1 | H55: =F55*G55 -> 1
C56: 8.3 | D56: Mochetas placa durlock | E56: m2 | F56: 1 | G56: 1 | H56: =F56*G56 -> 1
C57: 9 | D57: Cielorraso | H57: =SUM(H58) -> 1
C58: 9.1 | D58: Cielorraso desmontable de Placa Durlock 0,60x1,21 | E58: m2 | F58: 1 | G58: 1 | H58: =F58*G58 -> 1
C59: 10 | D59: Carpintería | H59: =SUM(H60:H66) -> 7
C60: 10.1 | D60: Frente vidriado de paños fijos 3,95x3,70 TIPO M1 | E60: Nº | F60: 1 | G60: 1 | H60: =F60*G60 -> 1
C61: 10.2 | D61: Frente vidriado de paños fijos 2,20x3,70 tipo M2 | E61: nº | F61: 1 | G61: 1 | H61: =F61*G61 -> 1
C62: 10.3 | D62: Puerta de abrir 0,80x2,00 tipo P1 C/CERRAD/VIDRIOS LAM/ CIERRAP. | E62: Nº | F62: 1 | G62: 1 | H62: =F62*G62 -> 1
C63: 10.4 | D63: Desmontar frente 3,10x3,70 | E63: nº | F63: 1 | G63: 1 | H63: =F63*G63 -> 1
C64: 10.5 | D64: Ventana Paño fijo V1 2,00X0,85 | E64: nº | F64: 1 | G64: 1 | H64: =F64*G64 -> 1
C65: 10.6 | D65: Cortinas de bandas de PVC. 1,60X2,05 con soporte aº. Inox.. | E65: nº | F65: 1 | G65: 1 | H65: =F65*G65 -> 1
C66: 10.6 | D66: Portón corredizo 1,60x2,05 c/riel sup. De tablillas color blanco | E66: nº | F66: 1 | G66: 1 | H66: =F66*G66 -> 1
C67: 11 | D67: Instalación Eléctrica | H67: =SUM(H68:H69) -> 2
C68: 11.1 | D68: Canalización pared | E68: ml | F68: 1 | G68: 1 | H68: =F68*G68 -> 1
C69: 11.2 | D69: instalac. Canería c 2 bocas | E69: gl | F69: 1 | G69: 1 | H69: =F69*G69 -> 1
C70: 12 | D70: Instalación de agua | H70: =SUM(H71:H78) -> 8
C71: 12.1 | D71: Cañería termofusión 3/4" | E71: ml | F71: 1 | G71: 1 | H71: =F71*G71 -> 1
C72: 12.2 | D72: Llave esférica de corte 3/4 | E72: nº | F72: 1 | G72: 1 | H72: =F72*G72 -> 1
C73: 12.3 | D73: Llave de paso 1/2" | E73: nº | F73: 1 | G73: 1 | H73: =F73*G73 -> 1
C74: 12.4 | D74: Flexibles 1/2" | E74: nº | F74: 1 | G74: 1 | H74: =F74*G74 -> 1
C75: 12.5 | D75: Grifería tipo FV Monocomando | E75: nº | F75: 1 | G75: 1 | H75: =F75*G75 -> 1
C76: 12.6 | D76: Pileta de aº. Inox. De colgar. | E76: nº | F76: 1 | G76: 1 | H76: =F76*G76 -> 1
C77: 12.7 | D77: Termotanque eléctrico de 30 lts. | E77: nº | F77: 1 | G77: 1 | H77: =F77*G77 -> 1
C78: 12.8 | D78: Sifón recto cromado FV. | E78: nº | F78: 1 | G78: 1 | H78: =F78*G78 -> 1
C79: 12.9
C80: 13 | D80: Pintura | H80: =SUM(H81:H82) -> 2
C81: 13.1 | D81: Imprimación | E81: m2 | F81: 1 | G81: 1 | H81: =F81*G81 -> 1
C82: 13.2 | D82: Pintura al latex uso exterior antihongo repintado gral. | E82: m2 | F82: 1 | G82: 1 | H82: =F82*G82 -> 1
C83: 14 | D83: Limpieza de obra | H83: =SUM(H84) -> 1
C84: 14.1 | D84: Limpieza de obra | E84: gl | F84: 1 | G84: 1 | H84: =F84*G84 -> 1

Sheet Presupuesto Total
C5: Presupuesto
C6: Nombre | G6: Datos cliente
C7: Dirección | G7: Nombre
C8: Teléfono | G8: Dirección
C9: E-mail | G9: Teléfono
C11: Fecha presupuesto | E11: =TODAY() -> 44736 | G11: Validez:
C13: DESCRIPCIÓN | G13: PRECIO | H13: % DTO. | I13: PRECIO DTO. | J13: TOTAL
C14: ='Detalle de Presupuesto'!D7 -> Tareas Previas | G14: ='Detalle de Presupuesto'!H7 -> 8 | H14: 0 | I14: =IF(H14<>"",G14-(G14*H14),0) -> 8 | J14: =IF(H14=0,G14,I14) -> 8
C15: ='Detalle de Presupuesto'!D16 -> Demoliciones | G15: ='Detalle de Presupuesto'!H16 -> 5 | H15: 0 | I15: =IF(H15<>"",G15-(G15*H15),0) -> 5 | J15: =IF(H15=0,G15,I15) -> 5
C16: ='Detalle de Presupuesto'!D22 -> Desagüe Industrial | G16: ='Detalle de Presupuesto'!H22 -> 5 | H16: 0 | I16: =IF(H16<>"",G16-(G16*H16),0) -> 5 | J16: =IF(H16=0,G16,I16) -> 5
C17: ='Detalle de Presupuesto'!D28 -> Estructura de Hormigón - Piso de Hormigón | G17: ='Detalle de Presupuesto'!H28 -> 3 | H17: 0 | I17: =IF(H17<>"",G17-(G17*H17),0) -> 3 | J17: =IF(H17=0,G17,I17) -> 3
C18: ='Detalle de Presupuesto'!D32 -> Piso Poliretanico | G18: ='Detalle de Presupuesto'!H32 -> 12 | H18: 0 | I18: =IF(H18<>"",G18-(G18*H18),0) -> 12 | J18: =IF(H18=0,G18,I18) -> 12
C19: ='Detalle de Presupuesto'!D45 -> Mampostería piso de hormigón | G19: ='Detalle de Presupuesto'!H45 -> 2 | H19: 0 | I19: =IF(H19<>"",G19-(G19*H19),0) -> 2 | J19: =IF(H19=0,G19,I19) -> 2
C20: ='Detalle de Presupuesto'!D48 -> Revoques | G20: ='Detalle de Presupuesto'!H48 -> 3 | H20: 0 | I20: =IF(H20<>"",G20-(G20*H20),0) -> 3 | J20: =IF(H20=0,G20,I20) -> 3
C21: ='Detalle de Presupuesto'!D52 -> Revestimientos | G21: ='Detalle de Presupuesto'!H52 -> 4 | H21: 0 | I21: =IF(H21<>"",G21-(G21*H21),0) -> 4 | J21: =IF(H21=0,G21,I21) -> 4
C22: ='Detalle de Presupuesto'!D57 -> Cielorraso | G22: ='Detalle de Presupuesto'!H57 -> 1 | H22: 0 | I22: =IF(H22<>"",G22-(G22*H22),0) -> 1 | J22: =IF(H22=0,G22,I22) -> 1
C23: ='Detalle de Presupuesto'!D59 -> Carpintería | G23: ='Detalle de Presupuesto'!H59 -> 7 | H23: 0 | I23: =IF(H23<>"",G23-(G23*H23),0) -> 7 | J23: =IF(H23=0,G23,I23) -> 7
C24: ='Detalle de Presupuesto'!D67 -> Instalación Eléctrica | G24: ='Detalle de Presupuesto'!H67 -> 2 | H24: 0 | I24: =IF(H24<>"",G24-(G24*H24),0) -> 2 | J24: =IF(H24=0,G24,I24) -> 2
C25: ='Detalle de Presupuesto'!D70 -> Instalación de agua | G25: ='Detalle de Presupuesto'!H70 -> 8 | H25: 0 | I25: =IF(H25<>"",G25-(G25*H25),0) -> 8 | J25: =IF(H25=0,G25,I25) -> 8
C26: ='Detalle de Presupuesto'!D80 -> Pintura | G26: ='Detalle de Presupuesto'!H80 -> 2 | H26: 0 | I26: =IF(H26<>"",G26-(G26*H26),0) -> 2 | J26: =IF(H26=0,G26,I26) -> 2
C27: ='Detalle de Presupuesto'!D83 -> Limpieza de obra | G27: ='Detalle de Presupuesto'!H83 -> 1 | H27: 0 | I27: =IF(H27<>"",G27-(G27*H27),0) -> 1 | J27: =IF(H27=0,G27,I27) -> 1
H40: Total Bruto | J40: =SUM(J14:J39) -> 63
G41: I.V.A. % | I41: 0.21 | J41: =+J40*I41 -> 13.23
C42: Total presupuesto | J42: =J40+J41 -> 76.23
C43: Forma de pago | D43: Cheque | E43: Débito | G43: Efectivo
C44: Firma de la persona que confecciona el presupuesto. | G44: ACEPTO EL PRESUPUESTO. Nombre, apellidos y firma del cliente.
